AoeStats
← Raffizaffi

Glade

510712421Analyzed
1v1 RM · 22h ago on Oct 2, 2026· 33m 26s· 2 players
Game mode
Random Map
Map size
Tiny (2 player)
Population
200
Speed
Normal
Resources
Standard
Victory
Conquest
Starting age
Dark Age
Ending age
Imperial Age
RankedLock teamsTeams togetherTeam positionsShared explorationLock speedFull tech treeHidden civsTurbo modeCheats
Victory
Defeat
🇦🇹 Bohemians · Austria
1235
+16
🇫🇷 Teutons · France
1240
-16
Raffizaffi
11:33 Feudal Age
11:32 Loom
18:32 Castle Age
16:52 Double-Bit Axe
25:39 Town Watch
25:55 Pikeman
27:38 Scale Mail Armor
33:17 Imperial Age
32:44 Chemistry
31:48 Horse Collar
letmok
6:37 Loom
9:22 Feudal Age
9:54 Double-Bit Axe
10:06 Horse Collar
14:01 Wheelbarrow
14:55 Town Watch
18:20 Castle Age
17:03 Forging
18:30 Scale Barding Armor
18:21 Gold Mining
19:23 Bloodlines
19:37 Bow Saw
19:19 Stone Mining
24:58 Chain Barding Armor
26:19 Iron Casting
26:50 Fletching
33:22 Imperial Age
Connection lost

Rejoining the realm…

Still unreachable

The connection could not be restored.

Session expired

The server has moved on; the page needs a fresh start.